 Dungeon Crawl Stone Soup version 0.29.1-15-g9cfb28693d (webtiles) character file.

Game seed: 1090337027747824563

261 MacCMillion the Shooter (level 5, 0/41 HPs)
             Began as a Demigod Hunter on Apr 4, 2023.
             Slain by an iguana (8 damage)
             ... on level 5 of the Dungeon.
             The game lasted 00:03:57 (3773 turns).

MacCMillion the Shooter (Demigod Hunter)            Turns: 3773, Time: 00:03:57

Health: 0/41       AC:  4    Str: 12    XL:     5   Next: 63%
Magic:  7/7        EV: 12    Int: 11    God:
Gold:   133        SH:  0    Dex: 21    Spells: 4/4 levels left

rFire   . . .      SeeInvis .   a - +0 shortbow
rCold   . . .      Faith    .   (shield currently unavailable)
rNeg    . . .      Spirit   .   c - +0 leather armour
rPois   +          Reflect  .   (no helmet)
rElec   .          Harm     .   (no cloak)
rCorr   .          Rampage  .   (no gloves)
Will    .....                   o - +0 pair of boots
Stlth   ++........              (no amulet)
HPRegen 0.13/turn               m - ring of poison resistance
MPRegen 0.10/turn               (no ring)

@: no status effects
A: high MP 1, forlorn, divine attributes
a: no special abilities


You were on level 5 of the Dungeon.
You visited 1 branch of the dungeon, and saw 5 of its levels.

You collected 133 gold pieces.

Inventory:

Hand Weapons
 a - a +0 shortbow (weapon)
Armour
 c - a +0 leather armour (worn)
 o - a +0 pair of boots (worn)
Jewellery
 m - a ring of poison resistance (left hand)
Scrolls
 b - 3 scrolls of immolation
 f - 4 scrolls of enchant armour {unknown}
 h - 6 scrolls of identify {unknown}
 i - a scroll of vulnerability {unknown}
 j - 2 scrolls of teleportation {unknown}
 n - a scroll of brand weapon {unknown}
 q - a scroll of amnesia {unknown}
 r - 2 scrolls of magic mapping {unknown}
 t - a scroll of noise {unknown}
Potions
 d - 2 potions of heal wounds {unknown}
 e - 3 potions of curing {unknown}
 g - a potion of mutation {unknown}
 k - a potion of attraction {unknown}
 l - a potion of magic {unknown}
 p - a potion of berserk rage {unknown}
 s - a potion of brilliance {unknown}
 u - a potion of lignification {unknown}


   Skills:
 - Level 1.7 Fighting
 + Level 6.3 Ranged Weapons
 - Level 1.7 Dodging
 - Level 2.0 Stealth


You had 4 spell levels left.
You didn't know any spells.
Your spell library contained the following spells:

 Spells                   Type           Power      Damage    Failure   Level
 Sandblast                Erth           0%         2d4       41%         1
 Passwall                 Tmut/Erth      0%         N/A       56%         2
 Stone Arrow              Conj/Erth      0%         3d7       80%         3


Dungeon Overview and Level Annotations

Branches:
Dungeon (5/15)
 Temple: D:4-7

Shops:
D:4 ?

Annotations:
D:3 1 runed translucent door, Crazy Yiuf


Innate Abilities, Weirdness & Mutations

You have an increased reservoir of magic. (+10% MP)
You shall have no god before yourself.
Your divine heritage dramatically boosts your attributes as you level up.


Message History

Aim: an ice beast (almost dead, 64% to hit)
You shoot an arrow. The arrow hits the ice beast!
You kill the ice beast!
Your Ranged Weapons skill increases to level 6!
You start resting.
HP restored.
You start waiting.
Done waiting.
Found a stone staircase leading down.
r - 2 scrolls labelled BAIMOBIM ZASEMN (gained 1)
You open the door.
There is an open door here.
Found a dagger.
Found a ring mail.
Found 5 boomerangs.
Found 8 stones.
Found a stone staircase leading down.
h - 6 scrolls labelled GUOPTE XYNLO (gained 1)
Found a sling.
You open the door.
An ogre comes into view. It is wielding a +0 giant spiked club.
You shoot an arrow. The arrow hits the ogre!
The ogre shouts!
The ogre is moderately wounded.
An iguana comes into view.
You shoot an arrow. The arrow closely misses the iguana.
The iguana hisses angrily.
The iguana misses you. The iguana attacks as you move away!
The iguana bites you.
There is an open door here.
The iguana attacks as you move away! The iguana bites you!
The iguana attacks as you move away! The iguana closely misses you.
The iguana closely misses you. The iguana attacks as you move away!
The iguana completely misses you. The iguana attacks as you move away!
The iguana bites you! The iguana attacks as you move away!
The iguana bites you!
* * * LOW HITPOINT WARNING * * *
The iguana attacks as you move away!
The iguana bites you but does no damage.
The iguana attacks as you move away! The iguana bites you!
You die...

............#
............#
............#
............#
............#
.........####
###......####
+.........##
#......#@..#
#......#l..##########
#......#...'........#
#.....>#O..########.#
#......#............#
#......##..########.#
#......##..# #.....#
####...##..# #.###.#
#...##..# #...#)#


You could see an ogre and an iguana.

Vanquished Creatures
  An ice beast (D:5)
  A hound (D:4)
  A jelly (D:4)
  3 adders
  2 worms (D:3)
  6 dart slugs
  6 endoplasms
  A giant cockroach (D:3)
  9 goblins
  3 hobgoblins
  4 jackals (D:2)
  5 quokkas
  4 ball pythons
  3 bats
  5 frilled lizards
  6 kobolds
  5 rats
  A spectral goblin (D:3)
66 creatures vanquished.

Notes
Turn   | Place    | Note
-------+----------+-------------------------------------------
     0 | D:1      | MacCMillion the Demigod Hunter began the quest for the Orb.
     0 | D:1      | Reached XP level 1. HP: 17/17 MP: 3/3
    45 | D:1      | Reached skill level 1 in Stealth
   227 | D:1      | Reached XP level 2. HP: 21/24 MP: 4/4
   435 | D:1      | Reached skill level 4 in Ranged Weapons
  1001 | D:2      | Reached XP level 3. HP: 28/29 MP: 5/5
  1755 | D:3      | Found a runed translucent door.
  1756 | D:3      | Noticed Crazy Yiuf
  1908 | D:3      | Reached XP level 4. HP: 32/36 MP: 6/6
  2013 | D:3      | Reached skill level 5 in Ranged Weapons
  3024 | D:4      | Reached XP level 5. HP: 41/41 MP: 7/7
  3084 | D:4      | Found Edefaf's Magic Scroll Emporium.
  3323 | D:5      | Entered Level 5 of the Dungeon
  3327 | D:5      | Noticed an ice beast
  3342 | D:5      | Killed an ice beast
  3343 | D:5      | Reached skill level 6 in Ranged Weapons
  3745 | D:5      | Noticed an ogre
  3773 | D:5      | Slain by an iguana

Illustrated notes

Levels and vault maps discovered:
D:1:      psy_arrival_terrarium, layout_basic, minmay_misc_feat_more_columns,
          nicolae_kite_square_tiling_tiny, grunt_decor_cap,
          chequers_serial_rivers_room_a
D:2:      layout_basic, basic_altar, minmay_misc_feat_cross
D:3:      layout_basic, dreamdust_ecumenical_altar_drowned_temple,
          uniq_crazy_yiuf_cottage
D:4:      layout_gridville, minmay_misc_feat_rugged, nicolae_take_the_stairs
D:5:      layout_basic, minmay_misc_feat_square

Skill      XL: |  1  2  3  4  5 |
---------------+----------------+-----
Stealth        | 1 2 |  2.0
Ranged Weapons | 4 5 6 |  6.3
Fighting       | |  1.7
Dodging        | |  1.7

Action                   |  1- 3 |  4- 6 || total
-------------------------+-------+-------++-------
 Fire: Shortbow          |   126 |    79 ||   205
Armor: Leather armour    |    13 |    11 ||    24
Dodge: Dodged            |    26 |    16 ||    42
